 Dungeon Crawl Stone Soup version 0.23.0-3-gf3c87f2df8 (webtiles) character file.

Game seed: 14695889544017468324

1012 PikkenKukken the Cudgeler (level 8, 0/48 HPs)
             Began as a Tengu Fighter on Feb 22, 2019.
             Slain by an ogre
             ... wielding a +0 giant spiked club
              (21 damage)
             ... on level 7 of the Dungeon.
             The game lasted 00:14:14 (5941 turns).

PikkenKukken the Cudgeler (Tengu Fighter)           Turns: 5941, Time: 00:14:15

Health: 0/48       AC: 11    Str: 18    XL:     8   Next: 21%
Magic:  9/9        EV:  9    Int:  8    God:
Gold:   387        SH:  0    Dex: 15    Spells: 6/7 levels left

rFire    . . .     SeeInvis .   k - +1 dire flail (crush)
rCold    . . .     Gourm    .   (shield currently unavailable)
rNeg     . . .     Faith    .   i - +0 chain mail
rPois    .         Spirit   .   (helmet restricted)
rElec    .         Reflect  .   (no cloak)
rCorr    .         Harm     .   (no gloves)
MR       .....                  (boots unavailable)
Stlth    ..........             (no amulet)
HPRegen  0.16/turn              j - +2 ring of protection
MPRegen  0.11/turn              (no ring)

@: no status effects
A: beak, talons 3, able to fly
a: Fly


You were on level 7 of the Dungeon.
You were hungry.

You visited 1 branch of the dungeon, and saw 6 of its levels.

You collected 387 gold pieces.

Inventory:

Hand Weapons
 a - a +0 flail
 k - a +1 dire flail of crushing (weapon)
Armour
 c - a +1 shield
 i - a +0 chain mail (worn)
Jewellery
 j - a +2 ring of protection (left hand)
 m - a +1 ring of slaying {unknown}
Wands
 e - a wand of random effects (20)
Scrolls
 h - a scroll of remove curse
 l - 2 scrolls of fear
 n - a scroll of silence
Potions
 b - a potion of lignification
 d - a potion of might
 g - a potion of brilliance
 o - 2 potions of curing
 p - a potion of agility {unknown}
 q - 2 potions of degeneration {unknown}
 r - a potion of flight {unknown}
Comestibles
 f - 16 rations


   Skills:
 + Level 4.2 Fighting
 * Level 7.8 Maces & Flails
 + Level 4.7 Armour
 + Level 3.1 Dodging
 + Level 4.3 Shields
 + Level 0.0 Spellcasting
 + Level 0.0 Hexes


You had 6 spell levels left.
You knew the following spells:

 Your Spells              Type           Power        Failure   Level  Hunger
a - Confusing Touch       Hex            #.....       99%         1    ##.....

Your spell library contained the following spells:

 Spells                   Type           Power        Failure   Level  Hunger
 Confuse                  Hex            #.......     100%        3    ####...
 Gell's Gravitas          Tloc           #.........   100%        3    ####...
 Summon Guardian Golem    Hex/Summ       #.......     100%        3    ####...
 Petrify                  Tmut/Erth      #.......     100%        4    #####..
 Summon Ice Beast         Ice/Summ       #.......     100%        4    #####..
 Dispel Undead            Necr           #.......     100%        5    ######.
 Metabolic Englaciation   Hex/Ice        #.........   100%        5    ######.
 Yara's Violent Unravell  Hex/Tmut       #.........   100%        5    ######.
 Shadow Creatures         Summ           N/A          100%        6    #######


Dungeon Overview and Level Annotations

Branches:
Dungeon (5/15)
 Temple: D:4-7

Altars:
Dithmenos
Fedhas
Nemelex Xobeh
Xom


Innate Abilities, Weirdness & Mutations

You have a beak for a mouth.
You have claws for feet.
You can fly continuously.


Message History

A killer bee comes into view.
The killer bee moves out of view.
As you open the door, it creaks loudly!
You hear a shout!
You hear an angry buzzing noise. x2
An ogre comes into view. It is wielding a +0 giant spiked club.
There is an open door here.
The ogre hits you with a +0 giant spiked club!!
Your chain mail prevents you from hitting the ogre.
You claw the ogre. You peck the ogre.
The ogre is moderately wounded.
You barely miss the ogre. You peck the ogre.
The ogre is moderately wounded.
The killer bee stings you. The ogre barely misses you.
The killer bee stings you but does no damage.
The killer bee buzzes angrily.
You puncture the ogre!
The ogre is severely wounded.
The killer bee closely misses you. The killer bee barely misses you.
The ogre hits you with a +0 giant spiked club!!
You die...

.# #
#.#.........#
.#.##
#.#.........# .§
.$... #.........#
#§#y ##...
##.........#.§y§y
+ ...
+......y....y# #
.. ###....H..## #
#####y### # #y#
.. #@# .≈≈ #O#
≈≈≈≈≈ #.# ≈≈≈≈≈
#.# ≈≈... #.# #.#
#.# #.#


You could see a hippogriff, an ogre and 3 killer bees.

Vanquished Creatures
  Prince Ribbit (D:5)
  An orc warrior (D:3)
  A phantom (D:4)
  An ogre (D:4)
  A howler monkey (D:4)
  2 orc priests
  7 orc wizards
  2 worker ants
  A hound skeleton (D:4)
  6 adders
  A shadow imp (D:5)
  2 oozes
  An adder skeleton (D:4)
  An adder zombie (D:5)
  3 worms
  2 dart slugs
  5 leopard geckos
  19 orcs
  8 bats
  2 giant cockroaches (D:1)
  9 goblins
  7 hobgoblins
  5 jackals (D:1)
  6 kobolds
  A quokka (D:3)
  7 frilled lizards
  9 rats
111 creatures vanquished.

Vanquished Creatures (others)
  A fungus (D:3)
  4 toadstools (D:1)
5 creatures vanquished.

Grand Total: 116 creatures vanquished

Notes
Turn   | Place    | Note
-------+----------+-------------------------------------------
     0 | D:1      | PikkenKukken the Tengu Fighter began the quest for the Orb.
     0 | D:1      | Reached XP level 1. HP: 14/14 MP: 2/2
    47 | D:1      | Reached XP level 2. HP: 9/19 MP: 3/3
    55 | D:1      | Reached skill level 3 in Maces & Flails
   414 | D:1      | Reached XP level 3. HP: 18/23 MP: 4/4
  1106 | D:1      | Reached skill level 4 in Maces & Flails
  1456 | D:2      | Reached XP level 4. HP: 28/28 MP: 5/5
  2320 | D:3      | Reached skill level 5 in Maces & Flails
  2332 | D:3      | Gained mutation: You can fly continuously. [Tengu growth]
  2332 | D:3      | Reached XP level 5. HP: 23/32 MP: 6/6
  2563 | D:3      | Reached skill level 6 in Maces & Flails
  2821 | D:3      | Reached XP level 6. HP: 23/37 MP: 7/7
  3083 | D:3      | Found a blossoming altar of Fedhas.
  3092 | D:3      | Noticed an orc warrior
  3114 | D:3      | Killed an orc warrior
  3114 | D:3      | Reached skill level 1 in Dodging
  3225 | D:3      | You fall through a shaft!
  3893 | D:4      | Reached XP level 7. HP: 41/41 MP: 8/8
  4180 | D:4      | Reached skill level 7 in Maces & Flails
  4631 | D:5      | Entered Level 5 of the Dungeon
  4800 | D:5      | Found a shimmering altar of Xom.
  4824 | D:5      | Noticed Prince Ribbit
  4839 | D:5      | Killed Prince Ribbit
  4839 | D:5      | Reached XP level 8. HP: 17/48 MP: 9/9
  5640 | D:5      | Found a sparkling altar of Nemelex Xobeh.
  5733 | D:5      | Learned a level 1 spell: Confusing Touch
  5848 | D:5      | You fall through a shaft for 2 floors!
  5886 | D:7      | Identified the Grimoire of Supportive Sinister Rituals
  5932 | D:7      | Noticed a hippogriff
  5933 | D:7      | Found a shadowy altar of Dithmenos.
  5941 | D:7      | Slain by an ogre

Skill      XL: |  1  2  3  4  5  6  7  8 |
---------------+-------------------------+-----
Maces & Flails | 3 4 5 6 7 |  7.8
Dodging        | 1 2 3 |  3.1
Armour         | 4 |  4.7
Fighting       | 4 |  4.2
Shields        | 4 |  4.3

Action                   |  1- 3 |  4- 6 |  7- 9 || total
-------------------------+-------+-------+-------++-------
Melee: Flail             |    92 |   143 |    17 ||   252
       Peck              |    15 |    22 |    11 ||    48
       Kick              |    11 |    49 |    16 ||    76
       Dire flail        |       |       |    68 ||    68
  Use: Scroll            |     4 |     7 |     3 ||    14
       Potion            |       |     1 |       ||     1
  Eat: Chunk             |     1 |     7 |     4 ||    12
       Ration            |       |     1 |       ||     1
Armor: Scale mail        |    33 |    34 |       ||    67
       Chain mail        |       |    19 |    40 ||    59
Dodge: Dodged            |    22 |    30 |    32 ||    84
Block: Shield            |    39 |    54 |     6 ||    99
